 Dungeon Crawl Stone Soup version 0.30-a0-1043-g60ff8d5f49 (webtiles) character file.

Game seed: 13601315855602071509

13 Arcadio the Grave Robber (level 2, 0/19 HPs)
             Began as a Human Necromancer on Apr 9, 2023.
             Slain by a jackal (2 damage)
             ... on level 1 of the Dungeon.
             The game lasted 00:01:06 (627 turns).

Arcadio the Grave Robber (Human Necromancer)         Turns: 627, Time: 00:01:06

Health: 0/19       AC:  3    Str:  8    XL:     2   Next: 50%
Magic:  4/5        EV: 12    Int: 15    God:
Gold:   54         SH:  0    Dex: 13    Spells: 4/5 levels left

rFire   . . .      SeeInvis .    e - +0 hand axe
rCold   . . .      Faith    .    (no shield)
rNeg    . . .      Spirit   .    a - +0 robe
rPois   .          Reflect  .    g - +0 helmet
rElec   .          Rampage  .    (no cloak)
rCorr   .                        (no gloves)
Will    .....                    (no boots)
Stlth   ++                       (no amulet)
HPRegen 0.23/turn                (no ring)
MPRegen 0.09/turn                (no ring)

@: no status effects
A: no striking features
a: no special abilities


You were on level 1 of the Dungeon.
You visited 1 branch of the dungeon, and saw 1 of its levels.

You collected 54 gold pieces.

Inventory:

Hand Weapons
 e - a +0 hand axe (weapon)
 i - a +0 dagger
Armour
 a - a +0 robe (worn)
 c - a +0 leather armour
 g - a +0 helmet (worn)
Scrolls
 h - a scroll of noise {unknown}
Potions
 b - a potion of magic
 d - a potion of haste {unknown}
 f - a potion of heal wounds {unknown}


   Skills:
 + Level 2.3 Dodging
 - Level 2.0 Stealth
 + Level 2.2 Spellcasting
 + Level 4.2 Necromancy


You had 4 spell levels left.
You knew the following spells:

 Your Spells              Type           Power      Damage    Failure   Level
a - Necrotise             Necr           56%        1d6       3%          1

Your spell library contained the following spells:

 Spells                   Type           Power      Damage    Failure   Level
 Vampiric Draining        Necr           14%        2d7       12%         3
 Animate Dead             Necr           14%        N/A       36%         4
 Agony                    Necr           14%        N/A       71%         5


Dungeon Overview and Level Annotations

Branches:
Dungeon (1/15) Zot: 5364

Altars:


Message History

You now have 54 gold pieces (gained 8).
You open the door.
There is an open door here.
A jackal comes into view. 2 jackals come into view.
The helpless jackal fails to defend itself.
You hit the jackal.
The jackal is severely wounded.
The helpless jackal fails to defend itself.
You hit the jackal. The jackal bites you. x3
You hit the jackal. Your punch misses the jackal.
The jackal is almost dead.
You hit the jackal but do no damage. The jackal bites you.
The jackal barely misses you. The jackal closely misses you.
You barely miss the jackal.
The jackal is almost dead.
You closely miss the jackal. The jackal bites you. The jackal misses you.
The jackal closely misses you. The jackal barely misses you.
You barely miss the jackal. You closely miss the jackal.
You hit the jackal but do no damage. The jackal bites you.
The jackal bites you but does no damage.
The jackal closely misses you. The jackal bites you. The jackal misses you.
You hit the jackal.
You kill the jackal!
You closely miss the jackal. You barely miss the jackal.
The jackal bites you but does no damage.
The jackal bites you. The jackal closely misses you. The jackal bites you.
Casting: Necrotise (safe; 3% risk of failure)
Confirm with . or Enter, or press ? or * to list all spells.
Aiming: Necrotise (safe; 3% risk of failure)
Press: ? - help, Shift-Dir - straight line, f - jackal
Aim: a jackal (chance to affect: 84%)
The jackal writhes in agony.
The jackal bites you but does no damage.
The jackal closely misses you. The jackal bites you.
* * * LOW HITPOINT WARNING * * *
You hit the jackal.
The jackal is almost dead.
You hit the jackal but do no damage. The jackal bites you.
You die...

##.##...##
........#####...
##.###..........
# #.######.#.
###. ##'##
...##...##
##..##...##♣..
##8..8#....P..#
#....h@......P#
.....>h†....♣♣..
#.#8[.8#...PP♣
.# ##..##...♣♣♣
# ##. ...P♣ ##
..P♣♣ #+PP .♣♣


You could see 2 jackals.

Vanquished Creatures
  A dart slug (D:1)
  A ball python (D:1)
  2 endoplasms (D:1)
  A goblin (D:1)
  A jackal (D:1)
  2 quokkas (D:1)
  A rat (D:1)
9 creatures vanquished.

Vanquished Creatures (others)
  A plant (D:1)
1 creature vanquished.

Grand Total: 10 creatures vanquished

Notes
Turn   | Place    | Note
-------+----------+-------------------------------------------
     0 | D:1      | Arcadio the Human Necromancer began the quest for the Orb.
     0 | D:1      | Reached XP level 1. HP: 13/13 MP: 3/3
   270 | D:1      | Reached XP level 2. HP: 19/19 MP: 5/5
   627 | D:1      | Slain by a jackal

Illustrated notes

Levels and vault maps discovered:
D:1:      dpeg_arrival_another_circle, layout_loops_corners, serial_shops,
          nicolae_shop_crystal, serial_forest, infiniplex_forest_clump_long,
          infiniplex_forest_lined_2, infiniplex_forest_clump_C,
          infiniplex_forest_clump_curved, infiniplex_forest_clump_double,
          st_stairs_6

Action                     || total
---------------------------++-------
  Melee: Unarmed           ||     6
         Hand axe          ||    28
   Cast: Necrotise         ||     7
   Stab: Sleeping          ||     2
 Armour: Robe              ||     7
  Dodge: Dodged            ||    29

Table legend: (Time is in decaauts)
 A = Elapsed time spent in this place.
 B = Non-inter-level travel time spent in this place.
 C = Inter-level travel time spent in this place.
 D = Time resting spent in this place.
 E = Time spent auto-exploring this place.
 F = Levels seen in this place.
 G = Mean time per level.
                   A        B        C        D        E       F      G
               +--------+--------+--------+--------+--------+-----+--------+
         Total |    634 |    634 |      0 |    100 |    407 |   1 |  634.0 |
       Dungeon |    634 |    634 |      0 |    100 |    407 |   1 |  634.0 |
               +--------+--------+--------+--------+--------+-----+--------+

Top non-repeatable levels by time:
     D:1: 634 daAuts
